 Dungeon Sprint DCSS version 0.32-a0-422-g28b100f618 (webtiles) character file.

Game seed: 13942822279523424027

10154 fingers the Impaler (level 11, -5/101 HPs)
             Began as a Coglin Fighter on Feb 21, 2024.
             Slain by a merfolk
             ... wielding a +0 trident
              (9 damage)
             ... in the Dungeon (Sprint V: "Ziggurat Sprint").
             The game lasted 00:05:26 (996 turns).

fingers the Impaler (Coglin Fighter)                 Turns: 996, Time: 00:05:26

Health: -5/101     AC: 34    Str: 32    XL:     11   Next: 57%
Magic:  11/11      EV:  9    Int:  9    God:
Gold:   0          SH:  0    Dex: 13    Spells: 10/10 levels left

rFire   + . .        E - +8 lance "Wyrmbane" {slay drac, rPois rF+ rC+ AC+3}
rCold   + . .        G - +5 demon trident {Hideko}
rNeg    . . .        C - +15 Maxwell's patent armour {-Cast -Tele rElec Will+ rCorr}
rPois   +            (no helmet)
rElec   +            (no cloak)
rCorr   +            (no gloves)
SInv    .            (no boots)
Will    +....        (no amulet) Stlth
                     A - +6 ring of strength
HPRegen 0.36/turn    B - +6 ring of strength
MPRegen 0.12/turn

%: no teleportation, no spellcasting
@: no status effects
A: off-hand wielding, slow wielding, warmup strikes, legs shutdown
a: no special abilities


You were in the Dungeon.
You visited 1 branch

Inventory:

Hand Weapons
 a - a +0 trident {Seoyun}
 E - the +8 lance "Wyrmbane" (weapon) {slay drac, rPois rF+ rC+ AC+3}
   (You found it in the Dungeon)

   AC+3:      It affects your AC (+3).
   rF+:       It protects you from fire.
   rC+:       It protects you from cold.
   rPois:     It protects you from poison
 F - a +5 bardiche {Pancho}
 G - a +5 demon trident (offhand) {Hideko}
 O - the +7 sceptre of Torment {pain, torment}
   (You found it in the Dungeon)
Armour
 b - a +0 scale mail
 c - a +0 buckler
 C - the +15 Maxwell's patent armour (worn) {-Cast -Tele rElec Will+ rCorr}
   (You found it in the Dungeon)

   rElec:     It insulates you from electricity.
   Will+:     It increases your willpower.
   -Cast:     It prevents spellcasting.
   -Tele:     It prevents most forms of teleportation.
   rCorr:     It protects you from acid and corrosion.
 D - the +18 shield of the Gong {Loud rN+ Will+ rCorr EV-5}
   (You found it in the Dungeon)

   Loud:      It is deafeningly noisy when blocking attacks.
   EV-5:      It affects your evasion (-5).
   rN+:       It protects you from negative energy.
   Will+:     It increases your willpower.
   rCorr:     It protects you from acid and corrosion.
Jewellery
 v - a ring of flight
 w - a +6 ring of dexterity
 x - a +6 ring of dexterity
 y - a +6 ring of intelligence
 z - a +6 ring of intelligence
 A - a +6 ring of strength (left grasper)
 B - a +6 ring of strength (right grasper)
 I - the ring "Maukh" {+Blink EV+5 Int+3 Slay+3}
   (You found it in the Dungeon)

   [ring of evasion]

   EV+5:      It affects your evasion (+5).
   Int+3:     It affects your intelligence (+3).
   Slay+3:    It affects your accuracy & damage with ranged weapons and melee
   (+3).
   +Blink:    It lets you blink.
 J - a +5 ring of evasion
 N - a +4 ring of protection
Wands
 s - a wand of mindburst (13)
 t - a wand of iceblast (11)
 u - a wand of quicksilver (7)
 H - a wand of flame (11)
 K - a wand of charming (7)
 L - a wand of digging (6)
 M - a wand of polymorph (3)
Scrolls
 j - 4 scrolls of blinking
 o - 4 scrolls of amnesia
 p - 7 scrolls of fog
 q - 5 scrolls of identify
 r - 2 scrolls of fear
Potions
 d - 5 potions of might
 e - 10 potions of curing
 g - 10 potions of haste
 h - 7 potions of magic
 i - 3 potions of berserk rage
 k - 2 potions of brilliance
 l - 2 potions of invisibility
 m - 4 potions of resistance
 n - a potion of experience


   Skills:
 + Level 14.5 Fighting
 + Level 16.6 Polearms
 + Level 13.4 Armour
 + Level 1.9 Dodging
 + Level 1.0 Stealth
 + Level 6.8 Shields


You had 10 spell levels left.
You didn't know any spells.
Your spell library contained the following spells:

 Spells                   Type           Power      Damage    Failure   Level
 Freeze                   Ice            0%         1d3       91%         1
 Sandblast                Erth           0%         2d4       91%         1
 Sting                    Conj/Alch      0%         1d3       91%         1
 Blink                    Tloc           0%         N/A       97%         2
 Cigotuvi's Dreadful Rot  Necr/Alch/Air  0%         N/A       97%         2
 Lesser Beckoning         Tloc           0%         N/A       97%         2
 Mercury Vapours          Alch/Air       0%         N/A       97%         2
 Momentum Strike          Conj/Tloc      0%         3d8       97%         2
 Static Discharge         Conj/Air       0%         3-3/arc   97%         2
 Frozen Ramparts          Ice            0%         1d1       100%        3
 Gell's Gravitas          Tloc           0%         N/A       100%        3
 Hailstorm                Conj/Ice       0%         3d5       100%        3
 Inner Flame              Hex/Fire       0%         N/A       100%        3
 Passwall                 Erth           0%         N/A       100%        3
 Swiftness                Air            0%         N/A       100%        3
 Teleport Other           Tloc           0%         N/A       100%        3
 Airstrike                Air            0%         2d(0-16)  100%        4
 Animate Armour           Summ/Erth      0%         N/A       100%        4
 Leda's Liquefaction      Alch/Erth      0%         N/A       100%        4
 Olgreb's Toxic Radiance  Alch           0%         N/A       100%        4
 Petrify                  Alch/Erth      0%         N/A       100%        4
 Summon Lightning Spire   Summ/Air       0%         N/A       100%        4
 Vhi's Electric Charge    Tloc/Air       0%         N/A       100%        4
 Arcjolt                  Conj/Air       0%         1d10      100%        5
 Irradiate                Conj/Alch      0%         3d11      100%        5
 Lee's Rapid Deconstruct  Erth           0%         3d4*      100%        5
 Plasma Beam              Fire/Air       0%         2x1d10    100%        6
 Spellforged Servitor     Conj/Summ      0%         N/A       100%        7
 Ignition                 Fire           0%         3d3       100%        8
 Lehudib's Crystal Spear  Conj/Erth      0%         10d2      100%        8
 Shatter                  Erth           0%         3d5*      100%        9


Dungeon Overview and Level Annotations

Branches:
Dungeon (1/1)

Altars:
Ashenzari
Cheibriados
Dithmenos
Elyvilon
Fedhas
Gozag
Hepliaklqana
Kikubaaqudgha
Makhleb
Nemelex Xobeh
Okawaru
Qazlal
Ru
Sif Muna
Trog
Uskayaw
Vehumet
Wu Jian
Xom
Yredelemnul
Zin
The Shining One
Beogh
Jiyva
Lugonu

Annotations:
D 1 transporter


Innate Abilities, Weirdness & Mutations

You can wield a second weapon in your off-hand.
It takes a long time for you to wield or remove held weapons.
Your first few attacks do less damage.
Attacking and casting redirects power from your legs.


Message History

The arrow hits you but does no damage.
The merfolk hits you from afar with a +0 trident. x2
The merfolk closely misses you.
The merfolk throws a boomerang.
The boomerang closely misses you. The wind drake flaps its wings at you.
The air twists around and strikes you!
* * * LOW HITPOINT WARNING * * *
The centaur shoots an arrow.
The arrow hits you but does no damage.
You feel much better.
The centaur shoots an arrow.
The arrow hits you but does no damage.
The merfolk hits you from afar with a +0 trident.
The merfolk throws a throwing net.
The throwing net hits you.
You become entangled in the net!
The merfolk hits you but does no damage.
The merfolk completely misses you.
You cannot attack while held in a net.
You tear a large gash into the net.
The centaur shoots an arrow.
The arrow hits you but does no damage.
The merfolk hits you but does no damage. x2
The merfolk throws a boomerang.
The boomerang hits you!
* * * LOW HITPOINT WARNING * * *
The merfolk hits you but does no damage.
The centaur shoots an arrow.
The arrow barely misses you.
You struggle against the net.
The wind drake flaps its wings at you. The air twists around and strikes you.
The centaur shoots an arrow.
The arrow hits you but does no damage.
The merfolk hits you from afar with a +0 trident.
* * * LOW HITPOINT WARNING * * *
The merfolk hits you from afar with a +0 trident!
* * * LOW HITPOINT WARNING * * *
The merfolk hits you but does no damage. x2
You rip the net and break free!
The centaur shoots an arrow.
The arrow completely misses you. The wind drake flaps its wings at you.
The air twists around and strikes you!
* * * LOW HITPOINT WARNING * * *
The merfolk barely misses you. The merfolk completely misses you.
The merfolk hits you from afar with a +0 trident!
You die...

▓...ß©ß...▓
▓..))::)..▓
▓...:!=%..▓
▓.........▓
▓....C....▓
▓...kkk...▓
▓..mmmmc..▓
▓.▓.....▓.▓
▓....@....▓
▓▓▓▓▓▓▓▓▓▓▓


You could see 3 wind drakes, 4 merfolk, a cyclops and a centaur.

Vanquished Creatures
  An ironbound preserver (D)
  An entropy weaver (D)
  3 vault guards (D)
  An ironbound frostheart (D)
  A glowing orange brain (D)
  2 ugly things (D)
  6 toenail golems (D)
  A meliai (shapeshifter) (D)
  A rime drake (shapeshifter) (D)
  A yaktaur (D)
  An unseen horror (shapeshifter) (D)
  A tarantella (D)
  3 jumping spiders (D)
  A human (shapeshifter) (D)
  2 neqoxecs (D)
  An acid dragon (shapeshifter) (D)
  A boggart (shapeshifter) (D)
  A bullfrog (shapeshifter) (D)
  A scorpion (D)
  7 earth elementals (D)
  A crimson imp (D)
  A quasit (D)
  An orc priest (D)
  2 orc wizards (D)
  A shadow imp (D)
  An adder zombie (D)
  An orc (D)
45 creatures vanquished.

Notes
Turn   | Place    | Note
-------+----------+-------------------------------------------
     0 | D        | fingers the Coglin Fighter began the quest for the Orb.
     0 | D        | Reached XP level 1. HP: 18/18 MP: 1/1
     0 | D        | Found a shimmering blue altar of Sif Muna.
     0 | D        | Found a bloodstained altar of Trog.
     0 | D        | Found a sacrificial altar of Ru.
     0 | D        | Found a stormy altar of Qazlal.
     0 | D        | Found an iron altar of Okawaru.
     1 | D        | Found a sparkling altar of Nemelex Xobeh.
     1 | D        | Found a blossoming altar of Fedhas.
     1 | D        | Found the +6 Majin-Bo {spellvamp, MP+6 Int+6}
     1 | D        | Found the +27 heavy crossbow "Sniper" {heavy, Acc+∞ SInv}
     1 | D        | Found the +10 dark maul {heavy}
     1 | D        | Found the +15 Maxwell's patent armour {-Cast -Tele rElec
                  | Will+ rCorr}
     1 | D        | Found the +18 shield of the Gong {Loud rN+ Will+ rCorr
                  | EV-5}
     1 | D        | Found the +16 obsidian axe {drain, demonic, Mesm ^Drain Fly
                  | SInv}
     1 | D        | Found the +7 great mace "Firestarter" {flame, immolate,
                  | rFlCloud rF++}
     1 | D        | Found the +6 shillelagh "Devastator" {shatter}
     1 | D        | Found the +11 plutonium sword {^Contam Stlth-}
     1 | D        | Found the +8 lance "Wyrmbane" {slay drac, rPois rF+ rC+
                  | AC+3}
     1 | D        | Found the +9 sword of Zonguldrok {reap}
     1 | D        | Found the +13 scythe of Curses {drain, curses, ^Drain}
     1 | D        | Found the +9 sword of Power {lifebolt}
     1 | D        | Found the +7 mace of Variability {chaos, chaos arc}
     1 | D        | Found the +11 Singing Sword {sonic wave}
     1 | D        | Found the +8 storm bow {elec, penet}
     3 | D        | Found a transporter.
     3 | D        | Found an ancient bone altar of Kikubaaqudgha.
     3 | D        | Found a viscous altar of Jiyva.
     3 | D        | Found a corrupted altar of Lugonu.
     3 | D        | Found a hazy altar of Hepliaklqana.
     3 | D        | Found a burning altar of Makhleb.
     3 | D        | Found an opulent altar of Gozag.
   110 | D        | Entered arena 2.
   110 | D        | Noticed a jumping spider
   110 | D        | Noticed a tarantella
   110 | D        | Found a transporter.
   121 | D        | Killed a tarantella
   122 | D        | Reached skill level 4 in Polearms
   122 | D        | Reached XP level 2. HP: 27/29 MP: 2/2
   122 | D        | Reached XP level 3. HP: 32/35 MP: 3/3
   122 | D        | Reached XP level 4. HP: 38/41 MP: 4/4
   122 | D        | Reached XP level 5. HP: 44/47 MP: 5/5
   123 | D        | Killed a jumping spider
   124 | D        | Reached skill level 5 in Polearms
   124 | D        | Reached skill level 5 in Shields
   124 | D        | Reached XP level 6. HP: 40/55 MP: 6/6
   179 | D        | Got the ring "Maukh" {+Blink EV+5 Int+3 Slay+3}
   183 | D        | Entered arena 3.
   183 | D        | Noticed a jumping spider
   183 | D        | Noticed a jumping spider
   183 | D        | Found a transporter.
   187 | D        | Killed a jumping spider
   188 | D        | Reached XP level 7. HP: 52/62 MP: 7/7
   191 | D        | Killed a jumping spider
   192 | D        | Reached skill level 6 in Polearms
   247 | D        | Entered arena 4.
   247 | D        | Found a transporter.
   269 | D        | Got the Folio of Electric Bombardment
   273 | D        | Entered arena 5.
   273 | D        | Found a transporter.
   278 | D        | Reached XP level 8. HP: 58/71 MP: 8/8
   280 | D        | Reached skill level 7 in Polearms
   329 | D        | Entered arena 6.
   329 | D        | Noticed a cyan ugly thing
   329 | D        | Found a transporter.
   334 | D        | Killed a cyan ugly thing
   335 | D        | Reached skill level 8 in Polearms
   335 | D        | Reached skill level 10 in Armour
   343 | D        | Reached skill level 10 in Fighting
   343 | D        | Reached skill level 9 in Polearms
   346 | D        | Reached XP level 9. HP: 69/78 MP: 9/9
   387 | D        | Entered arena 7.
   387 | D        | Noticed a rime drake
   387 | D        | Noticed a meliai
   387 | D        | Noticed a purple ugly thing
   388 | D        | Found a transporter.
   390 | D        | Killed a meliai
   391 | D        | Reached skill level 10 in Polearms
   394 | D        | Killed a rime drake
   395 | D        | Reached skill level 11 in Polearms
   398 | D        | Killed a purple ugly thing
   399 | D        | Reached skill level 1 in Dodging
   402 | D        | Reached skill level 12 in Polearms
   408 | D        | Killed an unseen horror
   471 | D        | Got the Commentary on Coarse Vapour
   478 | D        | Got the Notes on Bedrock
   484 | D        | Entered arena 8.
   484 | D        | Found the +5 Storm Queen's Shield {shock, Fly rElec}
   484 | D        | Noticed a toenail golem
   484 | D        | Noticed a toenail golem
   484 | D        | Noticed a toenail golem
   484 | D        | Noticed a toenail golem
   485 | D        | Found a transporter.
   488 | D        | Killed a toenail golem
   489 | D        | Reached skill level 13 in Polearms
   489 | D        | Reached XP level 10. HP: 84/88 MP: 10/10
   492 | D        | Killed a toenail golem
   496 | D        | Killed a toenail golem
   500 | D        | Killed a toenail golem
   501 | D        | Reached skill level 14 in Polearms
   609 | D        | Entered arena 9.
   609 | D        | Found the +7 sceptre of Torment {pain, torment}
   609 | D        | Noticed a toenail golem
   609 | D        | Noticed a toenail golem
   610 | D        | Found a transporter.
   613 | D        | Killed a toenail golem
   614 | D        | Reached skill level 1 in Stealth
   619 | D        | Killed a toenail golem
   810 | D        | Entered arena 10.
   810 | D        | Noticed an ironbound frostheart
   810 | D        | Noticed a vault guard
   810 | D        | Noticed a glowing orange brain
   810 | D        | Noticed a vault guard
   810 | D        | Noticed an entropy weaver
   810 | D        | Noticed an ironbound preserver
   810 | D        | Noticed a vault guard
   811 | D        | Found a transporter.
   819 | D        | Killed an entropy weaver
   820 | D        | Reached skill level 15 in Polearms
   828 | D        | Killed a vault guard
   829 | D        | Reached XP level 11. HP: 64/98 MP: 11/11
   832 | D        | Killed an ironbound preserver
   835 | D        | Killed a glowing orange brain
   836 | D        | Reached skill level 16 in Polearms
   837 | D        | Killed an ironbound frostheart
   842 | D        | Killed a vault guard
   849 | D        | Killed a vault guard
   982 | D        | Entered arena 11.
   982 | D        | Noticed a cyclops
   983 | D        | Found a transporter.
   996 | D        | HP: 4/101 [wind drake/the air (7)]
   996 | D        | Slain by a merfolk

Illustrated notes

Levels and vault maps discovered:
D:        sprint_v [room_start, room_1, room_2, room_3, room_4, room_5, room_6,
          room_7, room_8, room_9, room_10, room_11, room_12, room_13, room_14,
          room_15, room_16, room_17, room_18, room_19, room_20, room_21,
          room_22, room_23, room_24, room_25, room_26, room_27]

Skill      XL: |  1  2  3  4  5  6  7  8  9 10 11 |
---------------+----------------------------------+-----
Fighting       | 6 7 8 9 10 11 13 14 | 14.5
Polearms       | 4 5 6 9 13 15 16 | 16.6
Armour         | 6 7 8 9 10 11 12 13 | 13.4
Shields        | 4 5 6 |  6.8
Dodging        | 1 |  1.9
Stealth        | 1 |  1.0

Action                     |  1- 3 |  4- 6 |  7- 9 | 10-12 || total
---------------------------+-------+-------+-------+-------++-------
  Melee: Demon trident     |     5 |     5 |    48 |    76 ||   134
         Lance             |     5 |     3 |    46 |    70 ||   124
    Use: Potion            |     2 |       |       |     9 ||    11
 Armour: Plate armour      |    21 |     9 |    58 |   128 ||   216
  Dodge: Dodged            |     9 |     3 |    27 |    42 ||    81

Table legend: (Time is in decaauts)
 A = Elapsed time spent in this place.
 B = Non-inter-level travel time spent in this place.
 C = Inter-level travel time spent in this place.
 D = Time resting spent in this place.
 E = Time spent auto-exploring this place.
 F = Levels seen in this place.
 G = Mean time per level.
                   A        B        C        D        E       F      G
               +--------+--------+--------+--------+--------+-----+--------+
         Total |    941 |    941 |      0 |      0 |    601 |   1 |  941.0 |
       Dungeon |    941 |    941 |      0 |      0 |    601 |   1 |  941.0 |
               +--------+--------+--------+--------+--------+-----+--------+

Top non-repeatable levels by time:
       D: 941 daAuts
